 Dungeon Crawl Stone Soup version 0.31-a0-237-g2d982f9f85 (webtiles) character file.

Game seed: 16746686006667608554

18339 olmar the Nimble (level 12, -10/95 HPs)
             Began as a Gnoll Warper on July 12, 2023.
             Was an Initiate of Gozag.
             Mangled by a five-headed hydra (13 damage)
             ... on level 2 of the Lair of Beasts.
             The game lasted 00:43:06 (23981 turns).

olmar the Nimble (Gnoll Warper)                    Turns: 23981, Time: 00:43:07

Health: -10/95     AC:  8    Str: 11 (12) XL:     12   Next: 57%
Magic:  16/25      EV: 18    Int: 19 (21) God:    Gozag
Gold:   962        SH:  0    Dex: 19      Spells: 17/29 levels left

rFire   . . .        Q - +7 war axe
rCold   + . .        (no shield)
rNeg    . . .        o - +1 robe "Uqoakk" {rPois Dex+6 Slay-4 SInv}
rPois   +            L - +1 hat
rElec   .            K - +0 cloak
rCorr   .            (no gloves)
SInv    +            H - +1 pair of boots
Will    .....        (no amulet)
Stlth   ++++         j - +6 ring of intelligence
HPRegen 0.35/turn    y - ring of protection from cold
MPRegen 0.19/turn

%: no passive effects
@: marked, on blink cooldown, studying Dodging
A: fangs 1, strong nose, distributed training
a: Renounce Religion, Potion Petition, Call Merchant, Bribe Branch


You were on level 2 of the Lair of Beasts.
You worshipped Gozag.
Gozag was pleased with you.
You visited 3 branches of the dungeon, and saw 14 of its levels.
You also visited: Ossuary.

You collected 2299 gold pieces.
You spent 1200 gold pieces at shops.
You paid 137 gold pieces to Gozag.

Inventory:

Hand Weapons
 n - the +8 hand axe of the Haunted God {heavy, *Corrode rPois Will+++ Str+3 Int+2}
   (You found it on level 4 of the Dungeon)

   Str:       It affects your strength (+3).
   Int:       It affects your intelligence (+2).
   rPois:     It protects you from poison.
   *Corrode:  It may corrode you when you take damage.
   Will:      It greatly increases your willpower.
 q - a +2 whip of electrocution
 B - the +4 long sword of Karma {heavy, Fly rF+}
   (You found it on level 5 of the Dungeon)

   rF:        It protects you from fire.
   Fly:       It grants you flight.
 Q - a +7 war axe (weapon)
Missiles
 d - 8 boomerangs of dispersal
 t - 4 throwing nets
 w - 9 boomerangs (quivered)
Armour
 o - the +1 robe "Uqoakk" (worn) {rPois Dex+6 Slay-4 SInv}
   (You found it on level 2 of the Dungeon)

   Dex:       It affects your dexterity (+6).
   Slay:      It affects your accuracy & damage with ranged weapons and melee
   (-4).
   rPois:     It protects you from poison.
   SInv:      It lets you see invisible.
 H - a +1 pair of boots (worn)
 K - a +0 cloak (worn)
 L - a +1 hat (worn)
Magical Staves
 I - a staff of poison
Jewellery
 j - a +6 ring of intelligence (left hand)
 y - a ring of protection from cold (right hand)
Wands
 r - a wand of polymorph (22)
 A - a wand of quicksilver (6)
Scrolls
 c - 2 scrolls of identify
 e - a scroll of revelation
 g - 3 scrolls of immolation
 i - a scroll of fog {unknown}
 l - a scroll of amnesia
 m - 2 scrolls of enchant weapon
 p - 4 scrolls of noise
 s - a scroll of acquirement {unknown}
 u - a scroll of silence {unknown}
 G - 2 scrolls of enchant armour
 R - a scroll of brand weapon {unknown}
Potions
 h - 2 potions of haste
 v - 3 potions of brilliance
 x - 2 potions of degeneration
 z - 2 potions of lignification
 D - a potion of berserk rage {unknown}
 E - 5 potions of attraction
 F - 3 potions of enlightenment
 J - a potion of resistance
 M - a potion of magic {unknown}
 N - 2 potions of mutation {unknown}
 O - a potion of heal wounds
 U - a potion of ambrosia {unknown}


   Skills:
 + Level 9.0 Fighting
 + Level 7.7 Short Blades
 + Level 7.7 Long Blades
 + Level 7.7 Axes
 + Level 9.0 Maces & Flails
 + Level 7.7 Polearms
 + Level 7.7 Staves
 + Level 7.7 Ranged Weapons
 + Level 8.2 Throwing
 + Level 8.2 Armour
 + Level 9.7 Dodging
 + Level 7.7 Stealth
 + Level 7.7 Shields
 + Level 7.7 Unarmed Combat
 + Level 9.2 Spellcasting
 + Level 6.4 Conjurations
 + Level 6.4 Hexes
 + Level 6.4 Summonings
 + Level 6.4 Necromancy
 + Level 8.5 Translocations
 + Level 6.4 Transmutations
 + Level 6.4 Fire Magic
 + Level 6.4 Ice Magic
 + Level 6.4 Air Magic
 + Level 6.4 Earth Magic
 + Level 6.4 Poison Magic
 + Level 8.4 Invocations
 + Level 7.7 Evocations


You had 17 spell levels left.
You knew the following spells:

 Your Spells              Type           Power      Damage    Failure   Level
a - Blink                 Tloc           82%        N/A       1%          2
b - Manifold Assault      Tloc           41%        N/A       2%          4
c - Teleport Other        Tloc           41%        N/A       1%          3
d - Vhi's Electric Charg  Tloc/Air       74%        N/A       1%          3

Your spell library contained the following spells:

 Spells                   Type           Power      Damage    Failure   Level
 Apportation              Tloc           82%        N/A       1%          1
 Necrotise                Necr           100%       1d9       1%          1
 Lesser Beckoning         Tloc           82%        N/A       1%          2
 Sublimation of Blood     Necr           33%        N/A       1%          2
 Vampiric Draining        Necr           33%        2d8       1%          3
 Alistair's Intoxication  Tmut/Pois      22%        N/A       16%         5
 Iskenderun's Battlesphe  Conj           33%        2d9       16%         5
 Leda's Unmaking          Conj/Erth      16%        9d3       65%         6
 Spellforged Servitor     Conj/Summ      16%        N/A       99%         7
 Animate Dead             Necr           Unusable   N/A       N/A         4

Dungeon Overview and Level Annotations

Branches:
Dungeon (11/15)            Temple (1/1) D:4            Lair (2/5) D:8
Ossuary (visited)
  Swamp: Lair:2-3    Shoals: Lair:2-3     Snake: Lair:2-3    Spider: Lair:2-3
    Orc: D:9-12

Altars:
Ashenzari
Cheibriados
Dithmenos
Elyvilon
Fedhas
Gozag
Hepliaklqana
Kikubaaqudgha
Makhleb
Nemelex Xobeh
Okawaru
Qazlal
Ru
Sif Muna
Trog
Uskayaw
Vehumet
Wu Jian
Xom
Yredelemnul
Zin
The Shining One

Shops:
D:7 :


Innate Abilities, Weirdness & Mutations

You have very sharp teeth.
Your uncanny sense of smell can sniff out nearby items.
Your experience applies equally to all skills.


Message History

Unknown command.
Casting: Vhi's Electric Charge (safe; 1% risk of failure)
Confirm with . or Enter, or press ? or * to list all spells.
Okay, then.
You feel much better.
The four-headed hydra is no longer distracted by gold.
The water moccasin misses you. The yak completely misses you.
The water moccasin bites you. The yak gores you! The water moccasin bites you!
Unknown command.
Casting: Vhi's Electric Charge (safe; 1% risk of failure)
Confirm with . or Enter, or press ? or * to list all spells.
Charge where?
Press: ? - help, Dir - move target, f - four-headed hydra
Aim: a four-headed hydra (97% to hit)
You charge forward with an electric crackle!
You hack one of the four-headed hydra's heads off!
The three-headed hydra grows two more!
You slash the five-headed hydra and electrocute it!
You punch the five-headed hydra!
The five-headed hydra is moderately wounded.
The five-headed hydra completely misses you. x3
The five-headed hydra bites you. x2
The yak is distracted by your dazzling golden aura. x2
The five-headed hydra bites you.
The five-headed hydra bites you but does no damage.
The five-headed hydra bites you!
* * * LOW HITPOINT WARNING * * *
The five-headed hydra closely misses you.
The five-headed hydra barely misses you.
The water moccasin barely misses you. The yak gores you!
* * * LOW HITPOINT WARNING * * *
Casting: Vhi's Electric Charge (safe; 1% risk of failure)
Confirm with . or Enter, or press ? or * to list all spells.
You blink.
You feel yourself speed up.
The five-headed hydra barely misses you.
The five-headed hydra bites you but does no damage.
The five-headed hydra bites you!
You die...
Your body crumbles into a pile of gold.

###.$..## # #.$...P#
.##.#######....###
..w...#.$>.....#
....Y..ยง......##
......YY...[###
####.#P#Sl.## #. #
###D.## #.. ##.@##
#... # #...P###
#....
.##.#P..##.##....#
...P.........[.....#
# ................#
#. ...P.......<....#
#.. ...##.#####.P###
##... #..### ####
###..# # #...# ##
#..###


You could see a five-headed hydra, a yak, a water moccasin and a wyvern.

Vanquished Creatures
  Gastronok (Lair:1)
  A centaur warrior (D:10)
  A two-headed ogre (D:9)
  A harpy (Lair:1)
  A kobold demonologist (D:9)
  5 cane toads
  2 unseen horror zombies (D:10)
  A komodo dragon (D:8)
  A rime drake (Lair:1)
  Grinder (D:5)
  7 blink frogs (Lair:1)
  A wyvern (D:9)
  20 yaks
  3 steam dragons
  A basilisk (Lair:1)
  Duvessa (D:5)
  9 water moccasins
  An acid dragon (D:9)
  2 sky beasts
  2 orc warriors
  A black bear (D:5)
  An ogre (D:5)
  2 wolves
  2 phantoms (D:5)
  A centaur (D:7)
  Blork the orc (D:5)
  A kobold brigand (D:8)
  A necrophage (D:10)
  11 bullfrogs
  4 gnoll sergeants
  3 scorpions
  11 wights
  14 killer bees
  3 howler monkeys
  A human zombie (D:10)
  7 centaur zombies (D:10)
  4 hounds
  7 orc priests
  2 gnoll boudas
  Crazy Yiuf (D:7)
  3 iguanas
  9 orc wizards
  2 sleepcaps
  9 mummies
  17 gnolls
  12 adders
  An ufetubus (D:5)
  6 worms
  2 dart slugs
  27 orcs
  7 endoplasms
  2 giant cockroaches
  2 gnoll zombies (Ossuary)
  9 hobgoblins
  4 jackals (D:4)
  A quokka (D:3)
  3 ball pythons
  4 bats
  2 frilled lizards (D:3)
  5 goblins
  4 hobgoblin zombies (Ossuary)
  11 kobolds
  A kobold zombie (Ossuary)
  An orc zombie (Ossuary)
  3 rats
  2 butterflies (D:4)
289 creatures vanquished.

Notes
Turn   | Place    | Note
-------+----------+-------------------------------------------
     0 | D:1      | olmar the Gnoll Warper began the quest for the Orb.
     0 | D:1      | Reached XP level 1. HP: 20/20 MP: 6/6
    70 | D:1      | Found a faded altar of an unknown god.
    90 | D:1      | Prayed at the altar of an unknown god.
    90 | D:1      | Became a worshipper of Kikubaaqudgha
    90 | D:1      | Reached * piety under Kikubaaqudgha
    90 | D:1      | Received a gift from Kikubaaqudgha
    92 | D:1      | Fell from the grace of Kikubaaqudgha
   302 | D:1      | Reached XP level 2. HP: 24/26 MP: 7/7
   498 | D:1      | Learned a level 2 spell: Blink
   808 | D:2      | Reached skill level 5 in Spellcasting
   808 | D:2      | Reached XP level 3. HP: 18/31 MP: 7/9
   879 | D:2      | Reached skill level 1 in Invocations
  1025 | D:2      | Reached skill level 1 in Short Blades
  1025 | D:2      | Reached skill level 1 in Long Blades
  1025 | D:2      | Reached skill level 1 in Axes
  1025 | D:2      | Reached skill level 1 in Polearms
  1025 | D:2      | Reached skill level 1 in Staves
  1025 | D:2      | Reached skill level 1 in Ranged Weapons
  1025 | D:2      | Reached skill level 1 in Stealth
  1025 | D:2      | Reached skill level 1 in Shields
  1025 | D:2      | Reached skill level 1 in Unarmed Combat
  1025 | D:2      | Reached skill level 1 in Evocations
  1045 | D:2      | Identified the +1 robe "Uqoakk" {rPois Dex+6 Slay-4 SInv}
  1071 | D:2      | Found an ancient bone altar of Kikubaaqudgha.
  1462 | D:2      | Reached XP level 4. HP: 28/38 MP: 11/11
  1823 | D:2      | Reached skill level 1 in Conjurations
  1823 | D:2      | Reached skill level 1 in Hexes
  1823 | D:2      | Reached skill level 1 in Summonings
  1823 | D:2      | Reached skill level 1 in Necromancy
  1823 | D:2      | Reached skill level 1 in Transmutations
  1823 | D:2      | Reached skill level 1 in Fire Magic
  1823 | D:2      | Reached skill level 1 in Ice Magic
  1823 | D:2      | Reached skill level 1 in Air Magic
  1823 | D:2      | Reached skill level 1 in Earth Magic
  1823 | D:2      | Reached skill level 1 in Poison Magic
  2229 | D:3      | Found a shadowy altar of Dithmenos.
  2328 | D:3      | Reached XP level 5. HP: 43/43 MP: 12/12
  2499 | D:3      | Found a white marble altar of Elyvilon.
  2591 | D:3      | Found an iron altar of Okawaru.
  2710 | D:3      | Found a stormy altar of Qazlal.
  3097 | D:4      | Identified the +8 hand axe of the Haunted God {heavy,
                  | *Corrode rPois Will+++ Str+3 Int+2}
  3143 | D:5      | Entered Level 5 of the Dungeon
  3155 | D:5      | Reached XP level 6. HP: 19/50 MP: 12/14
  3439 | D:5      | Reached skill level 5 in Fighting
  3439 | D:5      | Reached skill level 5 in Maces & Flails
  3439 | D:5      | Reached skill level 5 in Dodging
  3439 | D:5      | Noticed Grinder
  3492 | D:5      | Killed Grinder
  3493 | D:5      | Reached XP level 7. HP: 23/56 MP: 11/15
  4180 | D:5      | Identified the +4 long sword of Karma {heavy, Fly rF+}
  4350 | D:5      | Noticed Blork the orc
  4443 | D:5      | Reached XP level 8. HP: 30/63 MP: 12/16
  4936 | D:4      | Found a staircase to the Ecumenical Temple.
  4966 | D:4      | Found a shimmering blue altar of Sif Muna.
  4975 | D:4      | Noticed Sigmund
  4976 | D:4      | Sigmund changed into Sigmund the wolf
  4976 | D:4      | Noticed Sigmund
  4985 | D:4      | Killed Sigmund the wolf
  5775 | D:5      | Noticed Duvessa
  5775 | D:5      | Noticed Dowan
  6462 | D:6      | Found a blossoming altar of Fedhas.
  6859 | D:6      | Was forgiven by Kikubaaqudgha
  7078 | D:6      | Reached XP level 9. HP: 62/69 MP: 18/18
  7630 | D:6      | Found a glowing silver altar of Zin.
  7630 | D:6      | Found a glowing golden altar of the Shining One.
  7634 | D:6      | Reached skill level 5 in Throwing
  7634 | D:6      | Reached skill level 5 in Armour
  7740 | Temple   | Entered the Ecumenical Temple
  7884 | Temple   | Became a worshipper of Gozag Ym Sagoz the Greedy
  7968 | D:5      | Dowan changed into Dowan the wolf
  7968 | D:5      | Noticed Dowan
  7971 | D:5      | Killed Duvessa
  8135 | D:5      | Killed Dowan the wolf
  8511 | D:5      | Killed Blork the orc
  8711 | D:7      | Found a shimmering altar of Xom.
  8733 | D:6      | Learned a level 4 spell: Manifold Assault
  8737 | D:6      | Learned a level 3 spell: Teleport Other
  8741 | D:6      | Learned a level 3 spell: Vhi's Electric Charge
  8939 | D:7      | Reached skill level 5 in Invocations
  9530 | D:7      | Found Fufu's Self-Improvement Boutique.
 10041 | D:7      | Found a runed translucent door.
 10042 | D:7      | Noticed Crazy Yiuf
 10481 | D:8      | Found a sand-covered staircase.
 10490 | Ossuary  | Entered an ossuary
 10890 | D:8      | Reached skill level 5 in Short Blades
 10890 | D:8      | Reached skill level 5 in Long Blades
 10890 | D:8      | Reached skill level 5 in Axes
 10890 | D:8      | Reached skill level 5 in Polearms
 10890 | D:8      | Reached skill level 5 in Staves
 10890 | D:8      | Reached skill level 5 in Ranged Weapons
 10890 | D:8      | Reached skill level 5 in Stealth
 10890 | D:8      | Reached skill level 5 in Shields
 10890 | D:8      | Reached skill level 5 in Unarmed Combat
 10890 | D:8      | Reached skill level 5 in Evocations
 10890 | D:8      | Reached XP level 10. HP: 59/77 MP: 20/20
 12282 | D:8      | Found an ornate altar of the Wu Jian Council.
 12352 | D:8      | Found a staircase to the Lair.
 14715 | D:9      | Noticed a kobold demonologist
 14716 | D:9      | Noticed a two-headed ogre
 14722 | D:9      | Killed a kobold demonologist
 14728 | D:10     | Entered Level 10 of the Dungeon
 15269 | D:10     | Found a radiant altar of Vehumet.
 16172 | D:10     | Found an ancient bone altar of Kikubaaqudgha.
 16327 | D:10     | Reached skill level 5 in Conjurations
 16327 | D:10     | Reached skill level 5 in Hexes
 16327 | D:10     | Reached skill level 5 in Summonings
 16327 | D:10     | Reached skill level 5 in Necromancy
 16327 | D:10     | Reached skill level 5 in Transmutations
 16327 | D:10     | Reached skill level 5 in Fire Magic
 16327 | D:10     | Reached skill level 5 in Ice Magic
 16327 | D:10     | Reached skill level 5 in Air Magic
 16327 | D:10     | Reached skill level 5 in Earth Magic
 16327 | D:10     | Reached skill level 5 in Poison Magic
 16341 | D:10     | Reached XP level 11. HP: 85/85 MP: 22/22
 17556 | D:10     | Found a sparkling altar of Nemelex Xobeh.
 17557 | D:10     | Noticed Nergalle
 17588 | D:10     | Noticed a centaur warrior
 18050 | D:10     | Killed a centaur warrior
 18569 | D:9      | Killed a two-headed ogre
 18858 | D:9      | Found a hazy altar of Hepliaklqana.
 19545 | D:7      | Bought a manual of Dodging for 1200 gold pieces
 19633 | D:7      | Killed Crazy Yiuf
 19794 | Lair:1   | Entered Level 1 of the Lair of Beasts
 19900 | Lair:1   | HP: 2/86 [blink frog (9)]
 20630 | Lair:1   | Noticed Gastronok
 20642 | Lair:1   | Reached XP level 12. HP: 45/94 MP: 3/24
 20658 | Lair:1   | Killed Gastronok
 20740 | D:8      | HP: 2/94 [water moccasin (4)]
 22165 | Lair:1   | Noticed Harold
 22174 | Lair:1   | Harold changed into Harold the harpy
 22174 | Lair:1   | Noticed Harold
 22236 | Lair:1   | Killed Harold the harpy
 23973 | Lair:2   | Noticed a four-headed hydra
 23980 | Lair:2   | HP: 3/95 [yak[a torpor snail] (13)]
 23981 | Lair:2   | Mangled by a five-headed hydra

Illustrated notes

Levels and vault maps discovered:
D:1:      psy_arrival_statuary, layout_basic, shapermc_ecumenical_altar_venn,
          chequers_serial_rivers_small_3
D:2:      layout_loops_ring, basic_altar
D:3:      layout_basic, mainiacjoe_overflow_alcove_4, lemuel_doored_altar,
          okawaru_trees_2, mainiacjoe_overflow_six_doors_small
D:4:      layout_rooms, led_sif_pool, minmay_temple_entry_butterflies,
          uniq_sigmund
D:5:      layout_gridville, nicolae_zen_rock_garden, chequers_hall_statues_y,
          uniq_grinder, uniq_blork_the_orc, uniq_duvessa
D:6:      layout_gridville, fedhas_altar_2, nicolae_overflow_two_pavilions,
          chequers_serial_rivers_micro_e
D:7:      nicolae_cairo_tiling_large, layout_basic, old_standard_altar,
          nicolae_shop_self_help, uniq_crazy_yiuf_cottage
D:8:      layout_basic, marbit_many_paths, lair_entry_dummy,
          gup_ossuary_entry_pyramid, hangedman_decor_diamond_cutter
D:9:      layout_loops_ring, worldfamousw_hep_ancestral_shrine
D:10:     layout_basic, nemelex_spade_bored_becter, pf_just_have_faith,
          lemuel_mausoleum_altar_kikubaaqudgha, dreamdust_gnoll_shepherd,
          uniq_nergalle
D:11:     layout_loops_corners, amcnicky_mini_corridor_feature
Temple:   hellmonk_temple_flake
Lair:1:   layout_hall_layers, guppyfry_lair_drakes, grunt_megastairs_1,
          uniq_gastronok, uniq_harold
Lair:2:   layout_concentric_octagons, nicolae_snake_entry_squirm

Skill      XL: |  1  2  3  4  5  6  7  8  9 10 11 12 |
---------------+-------------------------------------+-----
Spellcasting   | 5 6 7 8 9 |  9.2
Invocations    | 1 2 3 4 5 6 7 8 |  8.4
Short Blades   | 1 2 3 5 6 7 |  7.7
Long Blades    | 1 2 3 5 6 7 |  7.7
Axes           | 1 2 3 5 6 7 |  7.7
Polearms       | 1 2 3 5 6 7 |  7.7
Staves         | 1 2 3 5 6 7 |  7.7
Ranged Weapons | 1 2 3 5 6 7 |  7.7
Stealth        | 1 2 3 5 6 7 |  7.7
Shields        | 1 2 3 5 6 7 |  7.7
Unarmed Combat | 1 2 3 5 6 7 |  7.7
Evocations     | 1 2 3 5 6 7 |  7.7
Conjurations   | 1 2 3 4 5 6 |  6.4
Hexes          | 1 2 3 4 5 6 |  6.4
Summonings     | 1 2 3 4 5 6 |  6.4
Necromancy     | 1 2 3 4 5 6 |  6.4
Transmutations | 1 2 3 4 5 6 |  6.4
Fire Magic     | 1 2 3 4 5 6 |  6.4
Ice Magic      | 1 2 3 4 5 6 |  6.4
Air Magic      | 1 2 3 4 5 6 |  6.4
Earth Magic    | 1 2 3 4 5 6 |  6.4
Poison Magic   | 1 2 3 4 5 6 |  6.4
Throwing       | 3 4 5 6 7 8 |  8.2
Armour         | 3 4 5 6 7 8 |  8.2
Fighting       | 5 6 7 8 9 |  9.0
Maces & Flails | 5 6 7 8 9 |  9.0
Dodging        | 5 6 7 8 9 |  9.7
Translocations | 6 7 8 |  8.5

Action                     |  1- 3 |  4- 6 |  7- 9 | 10-12 || total
---------------------------+-------+-------+-------+-------++-------
  Melee: Mace              |   101 |    62 |       |       ||   163
         Bite              |    10 |    13 |    17 |    71 ||   111
         Punch             |     2 |       |     2 |    28 ||    32
         Whip              |       |    79 |       |       ||    79
         Hand axe          |       |     4 |   207 |   267 ||   478
         War axe           |       |       |       |   277 ||   277
         Unarmed           |       |       |       |     7 ||     7
  Throw: Dart              |       |    19 |    71 |    79 ||   169
         Throwing net      |       |     1 |     2 |     4 ||     7
         Boomerang         |       |     6 |    60 |    69 ||   135
   Cast: Blink             |     2 |     8 |     8 |    61 ||    79
         Teleport Other    |       |       |       |    20 ||    20
         Manifold Assault  |       |       |       |    23 ||    23
         Vhi's Electric Ch |       |       |       |     4 ||     4
 Invoke: Renounce Religion |     1 |       |       |       ||     1
  Evoke: Wand              |       |       |     4 |    35 ||    39
    Use: Scroll            |       |     3 |    10 |     8 ||    21
         Potion            |       |       |     5 |    20 ||    25
   Stab: Sleeping          |       |     2 |     4 |    11 ||    17
         Distracted        |       |       |     1 |     2 ||     3
         Held in net/web   |       |       |     1 |     3 ||     4
 Armour: Leather armour    |    23 |    21 |    49 |   125 ||   218
         Skin              |       |    12 |       |       ||    12
         Robe              |       |       |       |    51 ||    51
  Dodge: Dodged            |    52 |    92 |   167 |   626 ||   937

Table legend: (Time is in decaauts)
 A = Elapsed time spent in this place.
 B = Non-inter-level travel time spent in this place.
 C = Inter-level travel time spent in this place.
 D = Time resting spent in this place.
 E = Time spent auto-exploring this place.
 F = Levels seen in this place.
 G = Mean time per level.
                   A        B        C        D        E       F      G
               +--------+--------+--------+--------+--------+-----+--------+
         Total |  24262 |  22717 |   1545 |   9805 |   8600 |  15 | 1617.5 |
       Dungeon |  20563 |  19105 |   1458 |   7914 |   7749 |  11 | 1869.4 |
        Temple |    155 |    155 |      0 |      0 |    134 |   1 |  155.0 |
          Lair |   3164 |   3078 |     86 |   1796 |    531 |   2 | 1582.0 |
       Ossuary |    379 |    379 |      0 |     94 |    186 |   1 |  379.0 |
               +--------+--------+--------+--------+--------+-----+--------+

Top non-repeatable levels by time:
    D:10: 3509 daAuts
     D:8: 3271 daAuts
  Lair:1: 2752 daAuts
     D:9: 2704 daAuts
     D:5: 2352 daAuts
     D:6: 2129 daAuts
     D:7: 1738 daAuts
     D:4: 1361 daAuts
     D:2: 1100 daAuts
     D:3: 971 daAuts
     D:1: 948 daAuts
    D:11: 475 daAuts
  Lair:2: 411 daAuts
 Ossuary: 379 daAuts
  Temple: 155 daAuts
